 Seeded DCSS version 0.26.1-10-gdfb7c7de75 (webtiles) character file.

Game seed: 13435453013147752700 (custom seed)

229 wilfster70 the Chiller (level 6, -1/44 HPs)
             Began as a Gnoll Ice Elementalist on Apr 10, 2021.
             Was an Initiate of Ashenzari.
             Slain by an ogre
             ... wielding a +0 giant spiked club
              (23 damage)
             ... on level 3 of the Dungeon on Apr 11, 2021.
             The game lasted 00:09:46 (2774 turns).

wilfster70 the Chiller (Gnoll Ice Elementalist)     Turns: 2774, Time: 00:09:47

Health: -1/44      AC:  3    Str: 11    XL:     6   Next: 3%
Magic:  10/13      EV: 14    Int: 19    God:    Ashenzari [......]
Gold:   198        SH:  0    Dex: 15    Spells: 4/15 levels left

rFire    + . .     SeeInvis .   a - +0 spear
rCold    . . .     Faith    .   (no shield)
rNeg     . . .     Spirit   .   b - +0 leather armour
rPois    .         Reflect  .   (no helmet)
rElec    .         Harm     .   (no cloak)
rCorr    .         Rampage  .   (no gloves)
Will     .....                  (no boots)
Stlth    +++.......             (no amulet)
HPRegen  0.14/turn              f - ring of protection from fire
MPRegen  0.13/turn              (no ring)

@: frozen ramparts
A: distributed training, fangs 1, strong nose
a: Renounce Religion, Curse Item


You were on level 3 of the Dungeon.
You worshipped Ashenzari.
Ashenzari was noncommittal.
You visited 1 branch of the dungeon, and saw 4 of its levels.

You collected 198 gold pieces.

Inventory:

Hand Weapons
 a - a +0 spear (weapon)
Missiles
 o - 24 poisoned darts
Armour
 b - a +0 leather armour (worn)
Jewellery
 f - a ring of protection from fire (left hand)
Wands
 r - a wand of random effects (11)
Scrolls
 c - 2 scrolls of teleportation
 h - a scroll of enchant weapon {unknown}
 i - a scroll of amnesia {unknown}
 k - a scroll of random uselessness {unknown}
 l - a scroll of fear {unknown}
 n - 2 scrolls of magic mapping {unknown}
 t - 2 scrolls of remove curse
 u - a scroll of blinking {unknown}
 v - a scroll of immolation {unknown}
Potions
 d - a potion of haste {unknown}
 e - 3 potions of might {unknown}
 g - a potion of mutation {unknown}
 j - 2 potions of brilliance
 m - 3 potions of degeneration {unknown}
 p - a potion of lignification
 q - a potion of cancellation
 s - a potion of flight {unknown}


   Skills:
 + Level 1.7 Fighting
 + Level 1.7 Short Blades
 + Level 1.7 Long Blades
 + Level 1.7 Axes
 + Level 1.7 Maces & Flails
 + Level 1.7 Polearms
 + Level 1.7 Staves
 + Level 1.7 Slings
 + Level 1.7 Bows
 + Level 1.7 Crossbows
 + Level 1.7 Throwing
 + Level 1.7 Armour
 + Level 4.9 Dodging
 + Level 4.5 Stealth
 + Level 1.7 Shields
 + Level 1.7 Unarmed Combat
 + Level 5.3 Spellcasting
 + Level 1.3 Conjurations
 + Level 1.3 Hexes
 + Level 1.3 Summonings
 + Level 1.3 Necromancy
 + Level 1.3 Translocations
 + Level 1.3 Transmutations
 + Level 1.3 Fire Magic
 + Level 7.2 Ice Magic
 + Level 1.3 Air Magic
 + Level 1.3 Earth Magic
 + Level 1.3 Poison Magic
 + Level 2.0 Invocations
 + Level 1.7 Evocations


You had 4 spell levels left.
You knew the following spells:

 Your Spells              Type           Power        Failure   Level
a - Magic Dart            Conj           40%          9%          1
b - Frozen Ramparts       Ice            64%          2%          3
c - Ozocubu's Armour      Ice            32%          2%          3
d - Freeze                Ice            100%         1%          1
e - Conjure Flame         Conj/Fire      10%          26%         3

Your spell library contained the following spells:

 Spells                   Type           Power        Failure   Level
 Blink                    Tloc           N/A          14%         2
 Call Imp                 Summ           10%          14%         2
 Slow                     Hex            10%          14%         2
 Mephitic Cloud           Conj/Pois/Air  10%          26%         3
 Hailstorm                Conj/Ice       21%          26%         4
 Summon Ice Beast         Ice/Summ       21%          26%         4


Dungeon Overview and Level Annotations

Branches:
Dungeon (4/15)
 Temple: D:4-7

Altars:
Ashenzari
Nemelex Xobeh
Okawaru


Innate Abilities, Weirdness & Mutations

Your experience applies equally to all skills.
You have very sharp teeth.
Your uncanny sense of smell can sniff out nearby items.


Message History

Reactivating autopickup.
Casting: Frozen Ramparts (dangerous; 2% risk of failure)
Confirm with . or Enter, or press ? or * to list all spells.
Casting: Frozen Ramparts (dangerous; 2% risk of failure)
Press: ? - help, Dir - look around, f - activate The walls around you are covered in ice.
The wall freezes the ogre.
That's the wrong kind of item! (Use * to select it.) Evoke which item? (* to show all) (? for menu, Esc to quit)
You don't have any such object.
Evoke which item? (* to show all) (? for menu, Esc to quit)
Aiming: Random Effects
Press: ? - help, Shift-Dir - straight line, f - ogre
Aim: an ogre, wielding a +0 giant spiked club (lightly wounded)
The fireball explodes!
The fireball engulfs the ogre.
The ogre is moderately wounded.
The fireball engulfs you. You resist.
The wall freezes the ogre!
The ogre hits you with a +0 giant spiked club!!
Ouch! That really hurt!
You die...

....##.#......#
#####...#
....##.#......# #...#
.......#......## ###.#
...))..'.......# #.#
##### ###...##....##.##
#.# ##....
..'...+.....##..#
#.###..###
###...#####.###.##
#.##..##.# #...# #.#
#.O# #[#..##... #####
#.# ##@# #...##.._.
#.####'### #..##..^^.
#.##.....# #.##^...^^
#.##.....# ##.#...####
#..'....># #..##.'#.#.
####.....####...###..#.
####..#..........###
#..#......###....
##.#......# #####


You could see an ogre.

Vanquished Creatures
  A centaur skeleton (D:4)
  An orc wizard (D:3)
  Ijyb (D:3)
  3 gnolls (D:3)
  5 adders
  2 worms
  2 dart slugs (D:2)
  2 leopard geckos
  3 orcs (D:3)
  2 ball pythons
  2 giant cockroaches
  5 goblins
  4 hobgoblins
  6 jackals
  9 kobolds
  A quokka (D:3)
  5 bats
  3 frilled lizards
  7 rats
64 creatures vanquished.

Notes
Turn   | Place    | Note
-------+----------+-------------------------------------------
     0 | D:1      | wilfster70 the Gnoll Ice Elementalist began the quest for
                  | the Orb.
     0 | D:1      | Reached XP level 1. HP: 13/13 MP: 6/6
    66 | D:1      | Found a broken altar of Ashenzari.
    73 | D:1      | Became a worshipper of Ashenzari the Shackled
   457 | D:1      | Reached XP level 2. HP: 17/19 MP: 5/7
   962 | D:2      | Reached XP level 3. HP: 25/25 MP: 9/9
   968 | D:2      | Learned a level 3 spell: Frozen Ramparts
   972 | D:2      | Learned a level 3 spell: Ozocubu's Armour
  1021 | D:2      | Reached skill level 5 in Spellcasting
  1082 | D:2      | Reached skill level 1 in Invocations
  1240 | D:2      | Reached skill level 1 in Fighting
  1240 | D:2      | Reached skill level 1 in Short Blades
  1240 | D:2      | Reached skill level 1 in Long Blades
  1240 | D:2      | Reached skill level 1 in Axes
  1240 | D:2      | Reached skill level 1 in Maces & Flails
  1240 | D:2      | Reached skill level 1 in Polearms
  1240 | D:2      | Reached skill level 1 in Staves
  1240 | D:2      | Reached skill level 1 in Slings
  1240 | D:2      | Reached skill level 1 in Bows
  1240 | D:2      | Reached skill level 1 in Crossbows
  1240 | D:2      | Reached skill level 1 in Throwing
  1240 | D:2      | Reached skill level 1 in Armour
  1240 | D:2      | Reached skill level 1 in Shields
  1240 | D:2      | Reached skill level 1 in Unarmed Combat
  1240 | D:2      | Reached skill level 1 in Evocations
  1279 | D:2      | Reached XP level 4. HP: 20/32 MP: 6/11
  1800 | D:3      | Reached skill level 1 in Conjurations
  1800 | D:3      | Reached skill level 1 in Hexes
  1800 | D:3      | Reached skill level 1 in Summonings
  1800 | D:3      | Reached skill level 1 in Necromancy
  1800 | D:3      | Reached skill level 1 in Translocations
  1800 | D:3      | Reached skill level 1 in Transmutations
  1800 | D:3      | Reached skill level 1 in Fire Magic
  1800 | D:3      | Reached skill level 1 in Air Magic
  1800 | D:3      | Reached skill level 1 in Earth Magic
  1800 | D:3      | Reached skill level 1 in Poison Magic
  1859 | D:3      | Learned a level 1 spell: Magic Dart
  1863 | D:3      | Learned a level 3 spell: Conjure Flame
  1980 | D:3      | Noticed Ijyb
  1993 | D:3      | Killed Ijyb
  1994 | D:3      | Reached XP level 5. HP: 24/37 MP: 8/12
  2251 | D:3      | Found a sparkling altar of Nemelex Xobeh.
  2566 | D:4      | Reached XP level 6. HP: 25/44 MP: 6/13
  2724 | D:4      | Found an iron altar of Okawaru.
  2774 | D:3      | Slain by an ogre

Illustrated notes

Levels and vault maps discovered:
D:1:      giann_forest_graveyard, layout_rooms, serial_curves, eino_curves_03,
          eino_curves_03, hangedman_abyss_or_decor_stabs,
          nicolae_ashenzari_panopticon
D:2:      layout_rooms
D:3:      layout_basic, chequers_decorated_corner, nemelex_spade_bored_becter,
          uniq_ijyb
D:4:      layout_loops_ring, nicolae_overflow_hidden_temple, okawaru_gym_becter

Skill      XL: |  1  2  3  4  5 |
---------------+----------------+-----
Spellcasting   | 5 |  5.3
Invocations    | 1 2 |  2.0
Fighting       | 1 |  1.7
Short Blades   | 1 |  1.7
Long Blades    | 1 |  1.7
Axes           | 1 |  1.7
Maces & Flails | 1 |  1.7
Polearms       | 1 |  1.7
Staves         | 1 |  1.7
Slings         | 1 |  1.7
Bows           | 1 |  1.7
Crossbows      | 1 |  1.7
Throwing       | 1 |  1.7
Armour         | 1 |  1.7
Shields        | 1 |  1.7
Unarmed Combat | 1 |  1.7
Evocations     | 1 |  1.7
Conjurations   | 1 |  1.3
Hexes          | 1 |  1.3
Summonings     | 1 |  1.3
Necromancy     | 1 |  1.3
Translocations | 1 |  1.3
Transmutations | 1 |  1.3
Fire Magic     | 1 |  1.3
Air Magic      | 1 |  1.3
Earth Magic    | 1 |  1.3
Poison Magic   | 1 |  1.3
Dodging        | |  4.9
Stealth        | |  4.5
Ice Magic      | |  7.2

Action                   |  1- 3 |  4- 6 || total
-------------------------+-------+-------++-------
Melee: Short sword       |    20 |    21 ||    41
       Bite              |     1 |     3 ||     4
       Spear             |       |    19 ||    19
 Cast: Freeze            |    23 |     1 ||    24
       Frozen Ramparts   |     4 |    14 ||    18
       Magic Dart        |       |     1 ||     1
Evoke: Wand              |       |     2 ||     2
  Use: Scroll            |     1 |     3 ||     4
 Stab: Sleeping          |     7 |     2 ||     9
Armor: Leather armour    |     3 |     7 ||    10
Dodge: Dodged            |    34 |    25 ||    59
